 Dungeon Crawl Stone Soup version 0.27-a0-1308-gc08437e49b (webtiles) character file.

Game seed: 14669723003320847938

42 spiderkeys the Distorting Octopus (level 3, -1/26 HPs)
             Began as an Octopode Abyssal Knight on June 19, 2021.
             Was a Believer of Lugonu.
             Slain by a goblin (6 damage)
             ... led by Robin
             ... on level 1 of the Dungeon.
             The game lasted 00:01:44 (2115 turns).

spiderkeys the Distorting Octopus (OpAK)            Turns: 2115, Time: 00:01:44

Health: -1/26      AC:  1    Str: 11    XL:     3   Next: 54%
Magic:  4/4        EV: 13    Int: 15    God:    Lugonu [**....]
Gold:   49         SH:  0    Dex: 11    Spells: 2/3 levels left

rFire    . . .     SeeInvis .   c - +2 dagger (antimagic)
rCold    . . .     Faith    .   (no shield)
rNeg     . . .     Spirit   .   (helmet restricted)
rPois    .         Reflect  .   (no amulet)
rElec    .         Harm     .   W - ring of magical power
rCorr    .         Rampage  .   (no ring)
Will     .....                  (no ring)
Stlth    ++........             (no ring)
HPRegen  0.08/turn              (no ring)
MPRegen  0.09/turn              (no ring)
                                (no ring)
                                (no ring)

@: no status effects
A: almost no armour, amphibious, 8 rings, camouflage 1, gelatinous body 1,
(nimble swimmer 1), tentacles
a: Renounce Religion, Depart the Abyss, Bend Space


You were on level 1 of the Dungeon.
You worshipped Lugonu.
Lugonu was pleased with you.
You visited 1 branch of the dungeon, and saw 2 of its levels.
You visited the Abyss 1 time.

You collected 49 gold pieces.


Innate Abilities, Weirdness & Mutations

You cannot wear most types of armour.
You are amphibious.
You can wear up to eight rings at the same time.
Your skin changes colour to match your surroundings (Stealth+).
Your rubbery body absorbs attacks. (AC +1, EV +1)
((You are camouflaged near water. (Stealth+)))
You have tentacles for arms and can constrict up to eight enemies at once.


   Skills:
 - Level 3.0 Fighting
 - Level 2.0 Polearms
 - Level 2.3 Dodging
 + Level 0.6 Spellcasting
 + Level 0.8 Transmutations
 + Level 3.6 Invocations


You had 2 spell levels left.
You knew the following spells:

 Your Spells              Type           Power      Damage    Failure   Level
b - Beastly Appendage     Tmut           4%         N/A       19%         1

Your spell library contained the following spells:

 Spells                   Type           Power      Damage    Failure   Level
 Wereblood                Tmut           2%         N/A       28%         2
 Spider Form              Tmut/Pois      0%         N/A       54%         3
 Ice Form                 Ice/Tmut       1%         N/A       91%         4
 Summon Ice Beast         Ice/Summ       0%         N/A       95%         4
 Freezing Cloud           Conj/Ice/Air   0%         6-21      100%        5
 Simulacrum               Ice/Necr       0%         N/A       100%        6
 Ozocubu's Refrigeration  Ice            0%         4d5       100%        7

Inventory:

Hand Weapons
 a - a +1 spear
 c - a +2 antimagic dagger (weapon)
   (You took it off a goblin on level 1 of the Dungeon)
Missiles
 b - 18 sling bullets
 d - 17 stones
 e - 8 poisoned darts
Jewellery
 W - a ring of magical power (left tentacle)
   (You found it on level 2 of the Dungeon)
Potions
 f - 2 potions of mutation {unknown}
 g - a potion of heal wounds {unknown}

Dungeon Overview and Level Annotations

Branches:
Dungeon (2/15)

Altars:

Annotations:
D:2 Robin

#.# #.##.##...# #..
#.#######.##......# ######..
#....##..........## #.......
####.##.#..##.#.## #.......
#...#.#.......# #.......
#........##.#######.......
#...#.#####.# #..........
#####.#####.# #.###......
#.......@gg####.###......
#.##########.......###..) #.#
#.##>##.# ###. #.# #.##..#.#
###. #.# ###.###.#.# #... #.#
#...###.#.# #... #.#
#.#.......# #... ##.# ###
##.######.## ####
########^.###.###..###....###
#.


You could see 2 goblins.


Message History

The jackal closely misses you. The jackal bites you. 😮 HP[-2]
You take 2 damage, and now have 16/26 hp.
You barely miss the jackal. You squeeze the jackal.
You kill the jackal!
Lugonu accepts your kill.
Key pressed, stopping explore.
Key pressed, stopping explore.
Things that are here:
a rat corpse; a jackal corpse; a jackal corpse 😎 HP[+10]
Your hp is fully restored (26).
W - a ring of magical power
e - 8 poisoned darts
f - 2 fuming yellow potions You feel your magic capacity increase.
W - a ring of magical power (left tentacle) Key pressed, stopping explore.
Found a stone staircase leading down. 😎 MP[+3]
Your mp is fully restored (4).
There is a stone staircase leading down here.
You open the door.
There is an open door here.
There is an open door here.
A rat comes into view.
You closely miss the rat. You grab the rat.
You squeeze the rat, but do no damage. You constrict the rat.
The rat closely misses you.
You hit the rat.
You kill the rat!
Lugonu accepts your kill.
Key pressed, stopping explore.
A hobgoblin comes into view.
The hobgoblin shouts!
The hobgoblin completely misses you.
You hit the hobgoblin.
You kill the hobgoblin!
Lugonu accepts your kill.
No target in view!
No target in view!
A goblin comes into view. It is wielding a +0 club.
A goblin is nearby!
A goblin is nearby! 2 goblins come into view.
The goblin shouts!
You hear a shout! x2
A hobgoblin comes into view.
A goblin and a hobgoblin come into view.
The goblin shouts!
The hobgoblin shouts!
You hear a shout!
A goblin comes into view. It is wielding a +0 club.
The hobgoblin shouts!
You hear a shout!
You barely miss the goblin. Your grab misses the goblin.
Your squeeze misses the goblin.
The goblin hits you with a +0 club. 😕 HP[-1]
You take 1 damage, and now have 25/26 hp.
You hit the goblin. You grab the goblin. You constrict the goblin.
You kill the goblin!
Lugonu accepts your kill.
Robin of the Strong Arm comes into view.
They are wielding a +0 short sword and carrying a wand of polymorph (11).
The goblin hits you with a +0 dagger. 😕 HP[-4]
You take 4 damage, and now have 21/26 hp.
Unknown command.
A goblin comes into view. It is wielding a +0 club.
Robin throws the goblin at you! The goblin closely misses you.
The goblin hits you with a +0 club. 😮 HP[-2]
You take 2 damage, and now have 19/26 hp.
There is a stone staircase leading up here.
You can't go down here!
The goblin hits you with a +0 club. 😮 HP[-2]
You take 2 damage, and now have 17/26 hp.
The goblin hits you with a +0 dagger.
Robin roars a battlecry!
The goblins go into a battle-frenzy! 😮 HP[-3]
You take 3 damage, and now have 14/26 hp.
The hobgoblin misses you. The goblin hits you with a +0 club.
* * * LOW HITPOINT WARNING * * *
The goblin hits you with a +0 dagger.
* * * LOW HITPOINT WARNING * * *
You climb upwards.
There is a stone staircase leading down here. 😨 HP[-7]
You take 7 damage, and now have 7/26 hp.
MASSIVE DAMAGE!! (PAUSE)
You closely miss the hobgoblin. Your grab misses the hobgoblin.
The hobgoblin hits you.
* * * LOW HITPOINT WARNING * * *
The goblin misses you. 😱 HP[-2]
You take 2 damage, and now have 5/26 hp.
You hit the hobgoblin. You grab the hobgoblin. You squeeze the hobgoblin.
You kill the hobgoblin!
Lugonu accepts your kill.
You can now bend space around yourself.
The goblin hits you with a +0 dagger.
You die...

Skill      XL: |  1  2 |
---------------+-------+-----
Invocations    | 3 |  3.6
Fighting       | |  3.0
Polearms       | |  2.0
Dodging        | |  2.3
Spellcasting   | |  0.6
Transmutations | |  0.8

Action                   || total
-------------------------++-------
Melee: Dagger            ||    68
       Spear             ||     6
       Constrict         ||    17
       Tentacles         ||     7
  Use: Scroll            ||     3
 Stab: Sleeping          ||     2
Armor: Skin              ||     8
Dodge: Dodged            ||    54

Levels and vault maps discovered:
D:1:      elethiomel_arrival_infinity_welcomes_careful_drivers,
          layout_loops_cross
D:2:      layout_basic, basic_altar, shapermc_ecumenical_altar_hornbeckon,
          grunt_decor_arrowhead, uniq_robin

Notes
Turn   | Place    | Note
-------+----------+-------------------------------------------
     0 | Abyss:1  | spiderkeys the Octopode Abyssal Knight began the quest for
                  | the Orb.
     0 | Abyss:1  | Reached XP level 1. HP: 16/16 MP: 2/2
     0 | Abyss:1  | magus.rc [v1.9.10]
   194 | Abyss:1  | Found a corrupted altar of Lugonu.
   237 | Abyss:1  | Noticed a small abomination
   261 | Abyss:2  | Noticed a tentacled starspawn
   267 | Abyss:2  | Noticed a small abomination
   290 | Abyss:2  | Noticed a golden eye
   294 | D:1      | You pass through the gate.
   294 | D:1      | Escaped the Abyss
   735 | D:1      | Reached XP level 2. HP: 15/21 MP: 1/4
   741 | D:1      | Reached skill level 3 in Invocations
   973 | D:1      | You pick up a book of Ice and begin reading...
   973 | D:1      | You add the spells Ice Form, Summon Ice Beast, Freezing
                  | Cloud, Simulacrum and Ozocubu's Refrigeration to your
                  | library.
  1613 | D:2      | You pick up a book of Changes and begin reading...
  1613 | D:2      | You add the spells Beastly Appendage, Wereblood and Spider
                  | Form to your library.
  1616 | D:2      | Learned a level 1 spell: Beastly Appendage
  1648 | D:2      | Reached XP level 3. HP: 23/26 MP: 1/5
  2097 | D:2      | Noticed Robin
  2112 | D:2      | HP: 6/26 [goblin[Robin] (5)]
  2115 | D:1      | Reached ** piety under Lugonu
  2115 | D:1      | Slain by a goblin

Vanquished Creatures
  An adder (D:2)
  3 endoplasms
  A giant cockroach (D:1)
  4 goblins
  3 hobgoblins
  8 jackals
  A kobold (D:1)
  2 quokkas
  A bat (D:1)
  5 rats
29 creatures vanquished.

Vanquished Creatures (others)
  4 starspawn tentacles (Abyss:2)
4 creatures vanquished.

Grand Total: 33 creatures vanquished

Table legend:
 A = Non-vault XP
 B = Vault XP
 C = Vault XP percentage of total XP
 D = Non-vault monster count
 E = Vault monster count
 F = Vault count percentage of total count
                 A         B        C        D         E       F
            +---------+---------+-------+---------+---------+-------
      Total |      58 |       4 |   6.5 |      27 |       2 |   6.9
            +---------+---------+-------+---------+---------+-------
        D:1 |      28 |       2 |   6.7 |      16 |       1 |   5.9
        D:2 |      30 |       2 |   6.2 |      11 |       1 |   8.3
            +---------+---------+-------+---------+---------+-------

Illustrated notes

Table legend:
 A = Kills in this place as a percentage of kills in entire the game.
 B = Kills by you in this place as a percentage of kills by you in the entire game.
 C = Kills by friends in this place as a percentage of kills by friends in the entire game.
 D = Other kills in this place as a percentage of other kills in the entire game.
 E = Experience gained in this place as a percentage of experience gained in the entire game.
 F = Experience gained in this place divided by the number of levels of this place that you have seen.
                   A       B       C       D       E      F
               +-------+-------+-------+-------+-------+----------------------
         Total | 100.0 | 100.0 |   N/A |   N/A | 100.0 |  15.5
       Dungeon | 100.0 | 100.0 |   N/A |   N/A | 100.0 |  31.0
               +-------+-------+-------+-------+-------+----------------------

Table legend: (Time is in decaauts)
 A = Elapsed time spent in this place.
 B = Non-inter-level travel time spent in this place.
 C = Inter-level travel time spent in this place.
 D = Time resting spent in this place.
 E = Time spent auto-exploring this place.
 F = Levels seen in this place.
 G = Mean time per level.
                   A        B        C        D        E       F      G
               +--------+--------+--------+--------+--------+-----+--------+
         Total |   2113 |   2066 |     47 |      0 |   1831 |   4 |  528.2 |
       Dungeon |   1820 |   1773 |     47 |      0 |   1594 |   2 |  910.0 |
         Abyss |    293 |    293 |      0 |      0 |    237 |   2 |  146.5 |
               +--------+--------+--------+--------+--------+-----+--------+

Top non-repeatable levels by time:
     D:1: 1312 daAuts
     D:2: 507 daAuts
 Abyss:1: 258 daAuts
 Abyss:2: 35 daAuts
